[Event "5e festival international d'échecs d'A"]
[Site "Allauch, France"]
[Date "2023.08.30"]
[Round "5.5"]
[White "Toth, Kincso"]
[Black "Djoudi, Labir"]
[Result "1-0"]
[WhiteElo "1709"]
[BlackElo "1821"]
[PlyCount "99"]
[EventDate "2023.??.??"]
[TimeControl "1"]

1. e4 c5 2. d4 cxd4 3. c3 Nf6 4. e5 Nd5 5. Nf3 Nc6 6. Bc4 Nb6 7. Bb3 d6 8. exd6 e6 9. Nxd4 Nxd4 10. Qxd4 Qxd6 11. Qg4 Qe5+ 12. Be3 Bc5 13. Qf3 Bxe3 14. fxe3 Bd7 15. O-O O-O 16. Na3 Bc6 17. Qh3 Be4 18. Rae1 Rad8 19. Rf2 Rd7 20. Ref1 Rfd8 21. Nc2 a5 22. Nd4 a4 23. Bxe6 fxe6 24. Nxe6 h6 25. Nxd8 Rxd8 26. Qh4 Rd6 27. Rf4 Bd5 28. Qg3 Re6 29. Re1 Bxa2 30. Qf2 Bb3 31. Rb4 Re7 32. Rxb6 Qc5 33. Rb4 b5 34. Rf4 Re5 35. h3 Kh7 36. Qd2 Be6 37. Kh2 Qc7 38.
g3 Rh5 39. Qd3+ g6 40. h4 Rd5 41. Rd4 Rf5 42. Rf1 Re5 43. Rf6 Qg7 44. Rf2 h5 45. Rd8 Bf5 46. Qd4 Kh6 47. Rf4 Qe7 48. Qd2 Kh7 49. Rxf5 Rxf5 50. Qd4 1-0

[Event "5e festival international d'échecs d'A"]
[Site "Allauch, France"]
[Date "2023.08.30"]
[Round "5.6"]
[White "Hoang Villemagne, Mathieu"]
[Black "Negre Albert, Oscar"]
[Result "1-0"]
[WhiteElo "1350"]
[BlackElo "1296"]
[PlyCount "67"]
[EventDate "2023.??.??"]
[TimeControl "1"]

1. e4 e5 2. Nf3 Nc6 3. Bc4 Bc5 4. c3 Nf6 5. d3 h6 6. O-O d6 7. a4 a5 8. d4 Bb6 9. Qb3 O-O 10. Nh4 Ne7 11. dxe5 dxe5 12. Nd2 Bg4 13. Qc2 Qd6 14. b4 axb4 15. cxb4 Rad8 16. Ra2 Kh8 17. Ba3 Qd7 18. b5 Be6 19. Ndf3 Bd4 20. Bxe6 Qxe6 21. Nf5 Rfe8 22. Nxe7 Rxe7 23. Bxe7 Qxe7 24. a5 Ng4 25. h3 Nf6 26. Ra4 Qe8 27. Qxc7 Nxe4 28. Nxd4 exd4 29. Re1 Rd7 30. Rxe4 Qxe4 31. Qxd7 Qe1+ 32. Kh2 Qxf2 33. Qd8+ Kh7 34. Qxd4 1-0

[Event "5e festival international d'échecs d'A"]
[Site "Allauch, France"]
[Date "2023.08.30"]
[Round "5.7"]
[White "Omelchenko, Danila"]
[Black "Bonchristiani, Pierre"]
[Result "1-0"]
[WhiteElo "1199"]
[BlackElo "1416"]
[PlyCount "81"]
[EventDate "2023.??.??"]
[TimeControl "1"]

1. b3 d5 2. Nf3 Bf5 3. Bb2 Nc6 4. e3 f6 5. Bb5 e5 6. Nh4 Bd7 7. Qh5+ Ke7 8. Ng6+ hxg6 9. Qxh8 Nh6 10. Ba3+ Kf7 11. Qxf8+ Qxf8 12. Bxf8 Rxf8 13. c4 a6 14. Bxc6 Bxc6 15. cxd5 Bxd5 16. f3 Bc6 17. Nc3 Nf5 18. h4 Rh8 19. e4 Ng3 20. Rh3 Nh5 21. Ne2 f5 22. exf5 Bb5 23.
fxg6+ Kxg6 24. g4 Nf6 25. Ng3 Rd8 26. Ne4 Nd5 27. h5+ Kh7 28.
Ng5+ Kg8 29. h6 gxh6 30. Rxh6 Nf4 31. O-O-O Ne2+ 32. Kc2 Bd3+ 33. Kb2 Rd5 34. Rdh1 Nd4 35. Rh8+ Kg7 36. Rc8 Rc5 37. Rc1 Rb5 38. R8xc7+ Kf6 39. Ne4+ Ke6 40. Nc5+ Kd6 41. Nxd3 1-0

[Event "5e festival international d'échecs d'A"]
[Site "Allauch, France"]
[Date "2023.08.30"]
[Round "5.8"]
[White "Proud'Hon, Gabriel"]
[Black "Touzet, Cassien"]
[Result "0-1"]
[WhiteElo "1340"]
[BlackElo "1389"]
[PlyCount "160"]
[EventDate "2023.??.??"]
[TimeControl "1"]

1. e4 c6 2. d4 d5 3. e5 Bf5 4. h4 h6 5. g4 Bh7 6. e6 fxe6 7. Bd3 Nf6 8. Bxh7 Nxh7 9. g5 g6 10. Qd3 Rg8 11. f4 c5 12. c3 Nc6 13. h5 hxg5 14. fxg5 Bg7 15. Qxg6+ Kd7 16. Qxh7 cxd4 17. h6 Be5 18. Ne2 dxc3 19. Nbxc3 d4 20. Ne4 Qb6 21. a3 d3 22. N2c3 Nd4 23. Nc5+ Qxc5 24. Qxd3 Rad8 25. Qe4 Kc8 26. g6 Bg3+ 27. Kd2 Qg5+ 28. Kd1 Nb3+ 29. Kc2 Nxa1+ 30. Kb1 Qxg6 31. h7 Qxe4+ 32. Nxe4 Rh8 33. Nxg3 Nb3 34. Bf4 Rd5 35. Ne4 Rf5 36. Be3 Re5 37. Ng5 Rxe3 38. Nf7 Rxh7 39. Rxh7 Nd4 40. Rh8+ Kc7 41. Re8 Nc6 42. Ng5 e5 43. Rh8 Kd6 44. Rh2 Nd4 45. Rh6+ Kd5 46. Rh7 Nc6 47. Rh4 e4 48. Rh2 Rg3 49. Nh3 e3 50. Nf4+ Ke4 51. Ne2 Rf3 52. Rh4+ Kd3 53. Nc1+ Kd2 54. Nb3+ Ke1 55. Nc5 e2 56. Ne4 Kd1 57. Rh1+ Rf1 58. Rh2 e1=Q 59. Nc3+ Qxc3 60. bxc3 Re1 61. Rh3 Kd2+ 62. Kb2 e5 63. Rh7 Na5 64. Rh4 e4 65. a4 e3 66. Rd4+ Ke2 67. Rf4 Rf1 68. Re4 Rf3 69. Kc2 Kf2 70. Kd1 Nc4 71. a5 Kf1 72. a6 bxa6 73. Re8 Rf2 74. Rxe3 Nxe3+ 75. Kc1 Nc4 76. Kd1 Kg2 77. Ke1 Kf3 78. Kd1 Ke3 79. Kc1 Kd3 80. Kb1 Kxc3 0-1

[Event "5e festival international d'échecs d'A"]
[Site "Allauch, France"]
[Date "2023.08.31"]
[Round "6.2"]
[White "Derige Kane, Yan"]
[Black "Figier, Anthony"]
[Result "1/2-1/2"]
[WhiteElo "2162"]
[BlackElo "1991"]
[PlyCount "108"]
[EventDate "2023.??.??"]
[TimeControl "1"]

1. e4 Nf6 2. e5 Nd5 3. c4 Nb6 4. d4 d6 5. f4 g6 6. Nc3 dxe5 7. fxe5 Bg7 8. Be3 O-O 9. Qd2 c5 10. d5 N6d7 11. Nf3 Nxe5 12. Nxe5 Bxe5 13. Bxc5 Bf5 14. Bd3 Qa5 15. Be3 Bxd3 16. Qxd3 Nd7 17. O-O Rac8 18. Rac1 a6 19. Bh6 Qc5+ 20. Kh1 Qxc4 21. Qxc4 Rxc4 22. Bxf8 Kxf8 23. Rfe1 Rc5 24. g3 f6 25. Red1 Nb6 26. Ne4 Rxd5 27. Rxd5 Nxd5 28. Nc5 Bxb2 29. Rb1 Ba3 30. Nxb7 e5 31. Rb3 Be7 32. Na5 Kf7 33. Nc6 Bc5 34. Nb8 e4 35. Nxa6 Bd4 36. Nb4 Ke6 37. Nxd5 Kxd5 38. Kg2 f5 39. h4 h6 40. Kf1 g5 41. Rb5+ Bc5 42. hxg5 hxg5 43. Rb8 f4 44. Rg8 Be7 45. gxf4 gxf4 46. a4 f3 47. a5 e3 48. Re8 e2+ 49. Kf2 Bh4+ 50. Kxf3 e1=Q 51. Rxe1 Bxe1 52. Ke2 Kc5 53. Kxe1 Kb5 54. a6 Kxa6 1/2-1/2

[Event "5e festival international d'échecs d'A"]
[Site "Allauch, France"]
[Date "2023.08.31"]
[Round "6.4"]
[White "Pinto, Axel"]
[Black "Moncamp, Gilles"]
[Result "0-1"]
[WhiteElo "1837"]
[BlackElo "2103"]
[PlyCount "87"]
[EventDate "2023.??.??"]
[TimeControl "1"]

1. d4 c6 2. c4 d5 3. Nf3 Nf6 4. Qc2 g6 5. Bf4 Bf5 6. Qb3 Qb6 7. e3 Qxb3 8.
axb3 Bxb1 9. Rxb1 Nbd7 10. h3 e6 11. Bd3 Bb4+ 12. Ke2 O-O 13.
Rhc1 Rfe8 14. Ra1 Bf8 15. Kf1 Ne4 16. Bxe4 dxe4 17. Ne5 Nxe5 18. Bxe5 a6 19. Rd1 Rad8 20. f3 exf3 21. gxf3 Rd7 22. Ke2 Bg7 23. Bxg7 Kxg7 24. e4 f5 25. e5 Red8 26. Ke3 c5 27. d5 exd5 28. Ra5 d4+ 29. Kd3 Rc7 30. b4 cxb4 31. Rd5 Rdc8 32. b3 b5 33. cxb5 Rc3+ 34. Kxd4 axb5 35. Rd7+ Kh6 36. e6 Re8 37. e7 Kg7 38. Rd3 Rxd3+ 39. Kxd3 Kf6 40. Rd4 Rxe7 41. Rxb4 Kg5 42. Rxb5 Kf4 43. Rb4+ Kxf3 44. Kd4 0-1

[Event "5e festival international d'échecs d'A"]
[Site "Allauch, France"]
[Date "2023.08.31"]
[Round "6.5"]
[White "Chaumet, Etienne"]
[Black "Toth, Kincso"]
[Result "1-0"]
[WhiteElo "2075"]
[BlackElo "1709"]
[PlyCount "77"]
[EventDate "2023.??.??"]
[TimeControl "1"]

1. e4 c5 2. Nf3 d6 3. d4 cxd4 4. Nxd4 Nf6 5. Nc3 g6 6. Be3 Nc6 7. h3 h5 8. Qd2 Nxd4 9. Bxd4 Bh6 10. f4 O-O 11. O-O-O Qa5 12. g4 Bg7 13. gxh5 Nxh5 14. Bxg7 Nxg7 15. f5 Bd7 16. Qh6 Bxf5 17. exf5 Nxf5 18. Qg5 Rac8 19. Rd5 Rc5 20. Rxc5 Qxc5 21. Bd3 e6 22. Bxf5 exf5 23. Rd1 Re8 24. h4 Re5 25. h5 f4 26. Qd8+ Kg7 27. hxg6 fxg6 28. Rxd6 Qe3+ 29. Kb1 Rf5 30. Qd7+ Rf7 31. Qg4 Qe1+ 32. Rd1 Qe3 33. Rg1 Qb6 34. Rh1 Qc6 35. Qh4 Rf5 36. Ne4 Rh5 37. Qe7+ Kg8 38. Rxh5 gxh5 39. Nf6+ 1-0

[Event "5e festival international d'échecs d'A"]
[Site "Allauch, France"]
[Date "2023.08.31"]
[Round "6.6"]
[White "Touzet, Cassien"]
[Black "Hoang Villemagne, Mathieu"]
[Result "1/2-1/2"]
[WhiteElo "1389"]
[BlackElo "1350"]
[PlyCount "111"]
[EventDate "2023.??.??"]
[TimeControl "1"]

1. e4 e5 2. Bc4 Nf6 3. d3 c6 4. Nf3 d5 5. exd5 cxd5 6. Bb5+ Bd7 7. Bxd7+ Nbxd7 8. O-O Bd6 9. Bg5 O-O 10. Nc3 Qb6 11. Rb1 Rac8 12. Qe2 Bb8 13. Rfe1 Rfe8 14. Qd2 a6 15. Re2 Rc6 16. Qe1 Rce6 17. Bh4 e4 18. Ng5 Re5 19. dxe4 dxe4 20. Na4 Qb5 21. Nc3 Qb6 22. Na4 Qc6 23. Nc3 h6 24. Nh3 Rh5 25. Bg3 Bxg3 26. hxg3 Rxh3 27. gxh3 Ne5 28. Qd1 Nf3+ 29. Kf1 Qe6 30. Kg2 h5 31. Re3 Ng5 32. Qh1 h4 33. Rbe1 Nf3 34. R1e2 Nd4 35. Rd2 Nf5 36. Qe1 Nxe3+ 37. Qxe3 hxg3 38. fxg3 g6 39. Rd4 Qb6 40. b3 Kg7 41. a4 Qc5 42. Rd3 Qf5 43. Rd4 Rh8 44. g4 Qf3+ 45. Qxf3 exf3+ 46. Kg3 f2 47. Rf4 Rc8 48. Nd1 Rxc2 49. Nxf2 Nd7 50. Ne4 Nc5 51. Nxc5 Rxc5 52. Rb4 b5 53. axb5 axb5 54. Rf4 Rc3+ 55. Rf3 b4 56. Kf2 1/2-1/2

[Event "5e festival international d'échecs d'A"]
[Site "Allauch, France"]
[Date "2023.08.31"]
[Round "6.7"]
[White "Personne, Solene"]
[Black "Omelchenko, Danila"]
[Result "0-1"]
[WhiteElo "1542"]
[BlackElo "1199"]
[PlyCount "76"]
[EventDate "2023.??.??"]
[TimeControl "1"]

1. e4 Nf6 2. e5 Nd5 3. c4 Nb6 4. c5 Nd5 5. Bc4 c6 6. Nc3 e6 7. Ne4 b6 8. Nd6+ Bxd6 9. cxd6 c5 10. d4 Nc6 11. Qg4 Kf8 12. Bxd5 exd5 13. Nf3 cxd4 14. Bg5 Qe8 15. Nxd4 Qxe5+ 16. Be3 h5 17. Nxc6 dxc6 18. Qf4 Qxf4 19. Bxf4 f6 20. h4 Kf7 21. Kd2 Re8 22. Rhe1 Bf5 23. Rac1 Bd7 24. Re3 d4 25. Rxe8 Rxe8 26. Rc4 c5 27. a4 Ke6 28. Kd3 Kd5 29. b3 b5 30. Rc1 bxa4 31. bxa4 Bxa4 32. Bg3 c4+ 33. Kd2 c3+ 34. Kd3 Bb3 35. Ra1 Bc4+ 36. Kc2 Re2+ 37. Kc1 d3 38. Kb1 Re1# 0-1

[Event "5e festival international d'échecs d'A"]
[Site "Allauch, France"]
[Date "2023.08.31"]
[Round "6.8"]
[White "Negre Albert, Oscar"]
[Black "Maggio, Lucas"]
[Result "0-1"]
[WhiteElo "1296"]
[BlackElo "1321"]
[PlyCount "50"]
[EventDate "2023.??.??"]
[TimeControl "1"]

1. d4 d5 2. c4 e6 3. Nc3 Nf6 4. Bg5 Nbd7 5. cxd5 exd5 6. Nxd5 Nxd5 7. Bxd8 Bb4+ 8. Qd2 Bxd2+ 9. Kxd2 Kxd8 10. e4 N5f6 11. f3 Ke7 12. Bd3 h6 13. Ne2 Rd8 14. Rac1 c6 15. b4 Nb6 16. b5 Bd7 17. bxc6 Bxc6 18. d5 Ba4 19. Nd4 g6 20. Bb5 Rac8 21. Bxa4 Nxa4 22. Nb5 a6 23. Rxc8 Rxc8 24. d6+ Kd7 25. Nc7 Kxd6 0-1

[Event "5e festival international d'échecs d'A"]
[Site "Allauch, France"]
[Date "2023.08.31"]
[Round "7.1"]
[White "Petrosyan, Armen"]
[Black "Massardo, Quentin"]
[Result "1-0"]
[WhiteElo "2360"]
[BlackElo "1990"]
[PlyCount "105"]
[EventDate "2023.??.??"]
[TimeControl "1"]

1. e4 e5 2. Nf3 Nf6 3. d4 Nxe4 4. Bd3 d5 5. Nxe5 Bd6 6.
Nc3 Nxc3 7. bxc3 Nd7 8. O-O Qf6 9. Ng4 Qh4 10. Re1+ Kf8 11.
g3 Qd8 12. Qf3 h5 13. Bg6 Nf6 14. Nxf6 Qxf6 15. Bxh5 Qxf3 16. Bxf3 c6 17. Rb1 b5 18. a4 a6 19. Ra1 Bb7 20. Ba3 Bxa3 21. Rxa3 Re8 22. Rb1 Re7 23. axb5 cxb5 24. c4 dxc4 25. Bxb7 Rxb7 26. Rxa6 Ke7 27. Rc6 Rd8 28. Rxc4 Rbd7 29. Rxb5 Rxd4 30. Rb7+ Kf6 31. Rc6+ R4d6 32. Rbb6 Rxc6 33. Rxc6+ Kf5 34. Rc7 Kf6 35. h4 Rd5 36. Kg2 g5 37. c4 Re5 38. Rc6+ Kg7 39. hxg5 Rxg5 40. Rd6 Rc5 41. Rd4 Kf6 42. Kf3 Ke5 43. Rd5+ Rxd5 44. cxd5 Kxd5 45. Kf4 Ke6 46. Kg5 Ke5 47. f4+ Ke6 48. f5+ Ke7 49. g4 Kf8 50. Kf6 Kg8 51. Ke7 Kg7 52. g5 Kg8 53. f6 1-0

[Event "5e festival international d'échecs d'A"]
[Site "Allauch, France"]
[Date "2023.08.31"]
[Round "7.4"]
[White "Moncamp, Gilles"]
[Black "Derige Kane, Yan"]
[Result "0-1"]
[WhiteElo "2103"]
[BlackElo "2162"]
[PlyCount "68"]
[EventDate "2023.??.??"]
[TimeControl "1"]

1. e4 c6 2. d4 d5 3. e5 Bf5 4. Nc3 e6 5. g4 Bg6 6. Nge2 c5 7. Be3 h5 8. Nf4 Bh7 9. Bb5+ Nc6 10. dxc5 hxg4 11. Qxg4 Bxc2 12. Qe2 Bf5 13. O-O-O Nge7 14. Rd4 Qc7 15. Nd3 Bxd3 16. Qxd3 Qxe5 17. Bf4 Qf5 18. Bxc6+ bxc6 19. Qa6 e5 20. Re1 f6 21. Bg3 g6 22. Rb4 Kf7 23. Rb7 Bh6+ 24. Kd1 Rhb8 25. f4 Rxb7 26. Qxb7 Qd3+ 27. Kc1 Re8 28. Qd7 exf4 29. Qe6+ Kg7 30. Bf2 d4 31. Bxd4 Qxd4 32. Kc2 Qxc5 33. Re4 Qf5 34. Qd6 Nd5 0-1

[Event "5e festival international d'échecs d'A"]
[Site "Allauch, France"]
[Date "2023.08.31"]
[Round "7.5"]
[White "Toth, Kincso"]
[Black "Charvein, Gabriel"]
[Result "0-1"]
[WhiteElo "1709"]
[BlackElo "1993"]
[PlyCount "100"]
[EventDate "2023.??.??"]
[TimeControl "1"]

1. e4 Nf6 2. e5 Nd5 3. c4 Nb6 4. d4 d6 5. exd6 cxd6 6. Nf3 g6 7. Nc3 Bg7 8. Be3 O-O 9. Be2 Bg4 10. b3 e6 11. Rc1 d5 12. h3 Bxf3 13.
Bxf3 Nc6 14. cxd5 Nxd5 15. Nxd5 exd5 16. O-O Qa5 17. Re1 Rad8 18. Re2 Qb4 19. Rd2 Ne7 20. Rd3 Nf5 21. Bd2 Qb5 22. Bf4 b6 23. Bg4 Nd6 24. Rc7 Qa6 25. Bxd6 Rxd6 26. a4 Qa5 27. Re3 Qb4 28. Rxa7 Bxd4 29. Rd3 Bc5 30. Qd2 Qa3 31. Rxd5 Rf6 32. Bf3 Qa1+ 33. Qd1 Qb2 34. Rd2 Qe5 35. Rd5 Qf4 36. Rad7 Qh4 37. Rd2 Re6 38. Rd8 Bxf2+ 39. Rxf2 Rxd8 40. Qc2 Re1+ 41. Rf1 Rde8 42. Qf2 Rxf1+ 43. Kxf1 Qf6 44. Qd2 Rd8 45. Qc2 Qd4 46. Qc4 Qe3 47. Bd5 Kg7 48. Qe4 Qc1+ 49. Ke2 Qc3 50. Kf2 Qc5+ 0-1

[Event "5e festival international d'échecs d'A"]
[Site "Allauch, France"]
[Date "2023.08.31"]
[Round "7.6"]
[White "Hoang Villemagne, Mathieu"]
[Black "Omelchenko, Danila"]
[Result "1-0"]
[WhiteElo "1350"]
[BlackElo "1199"]
[PlyCount "87"]
[EventDate "2023.??.??"]
[TimeControl "1"]

1. e4 Nf6 2. e5 Nd5 3. c4 Nb6 4. d4 d6 5. exd6 cxd6 6. Nf3 Bf5 7. Bd3 Bxd3 8. Qxd3 Nc6 9. d5 Nb4 10. Qe2 Rc8 11. b3 N6xd5 12.
Qd2 Qa5 13. O-O Nf6 14. Re1 e6 15. Bb2 Be7 16. Bc3 d5 17.
a3 Ne4 18. Bxb4 Nxd2 19. Bxa5 Nxb3 20. Bc3 Rxc4 21. Ra2 O-O 22. Nfd2 Nxd2 23. Rxd2 Rfc8 24. Rd3 b5 25. Be5 a5 26. Rb3 a4 27. Rxb5 Rc1 28. Kf1 f6 29. Bb2 Rxe1+ 30. Kxe1 Ra8 31. Rb7 Bd8 32. Nc3 d4 33. Nb5 Ba5+ 34. Ke2 e5 35. Nd6 Rd8 36. Nf5 d3+ 37.
Kd1 g6 38. Ne7+ Kf8 39. Nc6 Rd5 40. Nxa5 Rxa5 41. Kd2 Rd5 42. Rxh7 e4 43. Bxf6 Rc5 44. Be7+ 1-0

[Event "5e festival international d'échecs d'A"]
[Site "Allauch, France"]
[Date "2023.08.31"]
[Round "7.7"]
[White "Maggio, Lucas"]
[Black "Touzet, Cassien"]
[Result "1-0"]
[WhiteElo "1321"]
[BlackElo "1389"]
[PlyCount "87"]
[EventDate "2023.??.??"]
[TimeControl "1"]

1. c4 c6 2. Nf3 f5 3. Nc3 Nf6 4. d4 g6 5. g3 Bg7 6. Bg2 O-O 7. O-O d6 8. Bg5 Nbd7 9. d5 Nb6 10. Qb3 e5 11. dxc6 bxc6 12. c5+ Nbd5 13. Bxf6 Rxf6 14. Nxd5 cxd5 15. Qxd5+ Be6 16. Qxd6 Qxd6 17. cxd6 e4 18.
Ng5 Bc4 19. Rfc1 Bxe2 20. d7 Ba6 21. Bf1 Bxf1 22. Rc8+ Rf8 23. Rxf8+ Bxf8 24. Ne6 Be7 25. Rxf1 Kf7 26. Rc1 Kxe6 27. Rc8 Kxd7 28. Rxa8 Bc5 29. Rh8 h6 30. Rxh6 e3 31. Rh7+ Kc6 32. fxe3 Bxe3+ 33. Kf1 Kb5 34. Ke2 Bd4 35. Kd3 Bg1 36. h3 a5 37.
Rg7 g5 38. Rxg5 Ka4 39. Rxf5 Bb6 40. g4 Bd8 41. g5 Be7 42.
g6 Bb4 43. g7 Bc3 44. bxc3 1-0

[Event "5e festival international d'échecs d'A"]
[Site "Allauch, France"]
[Date "2023.08.31"]
[Round "7.8"]
[White "Lechevallier, Alexandre"]
[Black "Rigat, Severin"]
[Result "1-0"]
[WhiteElo "1377"]
[BlackElo "1289"]
[PlyCount "91"]
[EventDate "2023.??.??"]
[TimeControl "1"]

1. e4 e6 2. d4 d5 3. exd5 exd5 4. Nf3 Bd6 5. Bd3 Ne7 6. O-O O-O 7. c3 Bf5 8. Bg5 f6 9. Bh4 Bxd3 10. Qxd3 Ng6 11. Bg3 c6 12. Nbd2 Nf4 13. Qf5 g6 14. Qc2 Ne2+ 15. Kh1 Nxg3+ 16. hxg3 f5 17. Ne5 f4 18. Ndf3 fxg3 19. fxg3 Nd7 20. Nxg6 Rf6 21. Nge5 Rh6+ 22. Kg1 Nf6 23. Qd2 Qf8 24. Qg5+ Qg7 25. Qxg7+ Kxg7 26. Nh4 Rxh4 27. gxh4 Bxe5 28. dxe5 Ng4 29. Rae1 Re8 30. Rf5 h6 31. h5 c5 32. g3 d4 33. cxd4 cxd4 34. e6 Re7 35. Re4 Nf6 36. Re1 b6 37. Rf4 Nxh5 38.
Rxd4 Kf6 39. g4 Ng7 40. Rf4+ Kg6 41. Rfe4 h5 42. gxh5+ Nxh5 43. Rf1 Nf6 44. Re2 Nd5 45. Rg2+ Kh7 46. Rf7+ 1-0

[Event "5e festival international d'échecs d'A"]
[Site "Allauch, France"]
[Date "2023.09.01"]
[Round "8.4"]
[White "Chaumet, Etienne"]
[Black "Figier, Anthony"]
[Result "1/2-1/2"]
[WhiteElo "2075"]
[BlackElo "1991"]
[PlyCount "109"]
[EventDate "2023.??.??"]
[TimeControl "1"]

1. e4 Nf6 2. e5 Nd5 3. d4 d6 4. c4 Nb6 5. exd6 cxd6 6. Nc3 g6 7. Be3 Bg7 8. Rc1 O-O 9. Nf3 Bg4 10. Be2 Nc6 11. d5 Bxf3 12. gxf3 Ne5 13. b3 Qc8 14. f4 Ned7 15. Ne4 Nf6 16. Nxf6+ Bxf6 17. Bg4 Qd8 18. f5 Nd7 19. fxg6 hxg6 20. h4 Kg7 21. h5 Rh8 22. f4 Qa5+ 23. Kf2 Nc5 24. Qc2 Rag8 25. hxg6 fxg6 26. Kf3 Rxh1 27. Rxh1 Qc3 28. Qxc3 Bxc3 29. Rh2 b6 30. Rc2 Bf6 31. b4 Nd3 32. Bd2 Rh8 33. Ke3 Nb2 34. Bc1 Na4 35. Kd3 Rh1 36. Bd7 Nc3 37. Bd2 Nd1 38. c5 bxc5 39. bxc5 dxc5 40. Rxc5 Nf2+ 41. Ke3 Rh2 42. Rc7 Nd1+ 43. Kd3 Nf2+ 44. Ke3 g5 45. d6 gxf4+ 46. Kxf4 Nd3+ 47. Ke3 Bg5+ 48. Kxd3 Rxd2+ 49. Ke4 exd6 50. Bc6+ Kf6 51.
Rxa7 Re2+ 52. Kd3 Rd2+ 53. Ke4 Re2+ 54. Kd3 Rd2+ 55. Ke4 {[%emt 0:00:00] Ke5+} 1/2-1/2

[Event "5e festival international d'échecs d'A"]
[Site "Allauch, France"]
[Date "2023.09.01"]
[Round "8.5"]
[White "Toth, Kincso"]
[Black "Cauture, Baptiste"]
[Result "0-1"]
[WhiteElo "1709"]
[BlackElo "1575"]
[PlyCount "94"]
[EventDate "2023.??.??"]
[TimeControl "1"]

1. e4 c5 2. d4 cxd4 3. c3 dxc3 4. Nxc3 Nc6 5. Nf3 d6 6. Bc4 a6 7. O-O Nf6 8. Bf4 Bg4 9. h3 Bh5 10. Be2 e6 11. Rc1 Be7 12. Qb3 Qb8 13.
Rfd1 O-O 14. Na4 Nxe4 15. Nb6 e5 16. Be3 Qc7 17. Nxa8 Rxa8 18. Bb6 Qc8 19. Bc4 Bxf3 20. Qxf3 Ng5 21. Qb3 Qf5 22. Bd5 Rc8 23. Be3 Qd7 24. Bb6 Qf5 25. Rc3 h6 26. Rdc1 Rf8 27. Bxc6 bxc6 28. Rxc6 Ne4 29. Qd5 Bg5 30. R1c2 Bf4 31. Qd3 d5 32. Qxd5 Ng5 33. R6c3 Qg6 34. Kf1 Qxb6 35. g3 Bxg3 36. Rxg3 Rd8 37. Qc6 Rd1+ 38. Kg2 Qd4 39. Re3 Rb1 40. Qe8+ Kh7 41. Qxe5 Qd1 42. Kg3 Qh1 43. Qf5+ g6 44. Qg4 Rg1+ 45. Kf4 Rxg4+ 46. hxg4 Qd5 47. Rce2 Qd6+ 0-1

[Event "5e festival international d'échecs d'A"]
[Site "Allauch, France"]
[Date "2023.09.01"]
[Round "8.6"]
[White "Maggio, Lucas"]
[Black "Hoang Villemagne, Mathieu"]
[Result "0-1"]
[WhiteElo "1321"]
[BlackElo "1350"]
[PlyCount "200"]
[EventDate "2023.??.??"]
[TimeControl "1"]

1. c4 e5 2. g3 a6 3. Bg2 Bc5 4. Nc3 Nc6 5. Nf3 d6 6. O-O Be6 7. d3 Qd7 8. Ng5 Bg4 9. h3 Bh5 10. a3 Ba7 11. b4 h6 12. Nf3 Bxf3 13.
exf3 Nge7 14. f4 O-O 15. Be3 exf4 16. Bxf4 Rfe8 17. Ne2 Nf5 18. Kh2 Nd8 19. Bc1 Qe7 20. Nf4 c6 21. Bb2 Ne6 22. Qg4 Qg5 23.
Nxe6 Rxe6 24. Qxg5 hxg5 25. Be4 Nd4 26. Bxd4 Bxd4 27. Ra2 Rf8 28. Kg2 f5 29. Bf3 Rfe8 30. b5 axb5 31. cxb5 d5 32. bxc6 bxc6 33. Rc2 Rg6 34. Bh5 Ree6 35. Bxg6 Rxg6 36. Re1 Kf7 37. Rce2 Bc5 38. Re5 Rf6 39. a4 f4 40. Rxg5 fxg3 41. fxg3 Rf2+ 42. Kh1 Ra2 43. Rf5+ Kg6 44. Rf4 d4 45. Re6+ Kh7 46. Rxc6 Bb4 47. Rc4 Rxa4 48. Rfxd4 Ra1+ 49. Kg2 Be7 50. Kf3 Bf6 51. Rg4 Rd1 52. d4 Kg8 53. Ke4 Kf7 54. d5 Re1+ 55. Kf3 Ke7 56. Rc7+ Kd6 57. Rcxg7 Bxg7 58. Rxg7 Kxd5 59. Kg4 Ke6 60. Kg5 Re5+ 61. Kf4 Rc5 62. h4 Kf6 63. Rg5 Rc4+ 64. Kf3 Rc3+ 65. Ke4 Rc1 66. Rf5+ Kg6 67. g4 Rc4+ 68. Kf3 Rc3+ 69. Kg2 Kh6 70. Kf2 Kg6 71. Rf3 Rc4 72. Kg3 Ra4 73. h5+ Kh6 74. Rf5 Ra6 75. Kh4 Ra4 76. Rf6+ Kg7 77. Rg6+ Kh7 78. Kg5 Ra5+ 79. Kf4 Ra4+ 80. Ke5 Ra5+ 81. Kd4 Rb5 82. Kc4 Ra5 83. Kb4 Re5 84. g5 Rf5 85. Kc4 Ra5 86. Kd4 Rb5 87. Ke4 Ra5 88. Kf4 Rb5 89. Kg4 Rc5 90. Rf6 Kg7 91. h6+ Kh7 92. Kh5 Kh8 93. Kg6 Rc8 94. h7 Rc6 95. Kh5 Rc5 96. Kh6 Rc6 97. Kg6 Rb6 98. Kf7 Rb7+ 99. Ke6 Rb6+ 100. Kd7 Rb7+ 0-1

[Event "5e festival international d'échecs d'A"]
[Site "Allauch, France"]
[Date "2023.09.01"]
[Round "8.7"]
[White "Omelchenko, Danila"]
[Black "Lechevallier, Alexandre"]
[Result "1-0"]
[WhiteElo "1199"]
[BlackElo "1377"]
[PlyCount "117"]
[EventDate "2023.??.??"]
[TimeControl "1"]

1. b3 e5 2. Bb2 Nc6 3. e3 d6 4. Bb5 Bd7 5. Ne2 a6 6. Bxc6 Bxc6 7. O-O Qg5 8. Ng3 Nf6 9. f4 exf4 10. exf4 Qd5 11. Re1+ Be7 12. Re2 O-O 13. c4 Qc5+ 14. d4 Qb6 15. Rxe7 Rfe8 16. Rxe8+ Rxe8 17. Kh1 d5 18. c5 Qa7 19. Nd2 b5 20. Nf3 Ng4 21. Kg1 f6 22. Qd2 Qa8 23.
Re1 Bd7 24. h3 Nh6 25. Rxe8+ Qxe8 26. Qe2 Qxe2 27. Nxe2 c6 28.
Kf2 Nf7 29. g4 g6 30. Kg3 f5 31. Ne5 Nxe5 32. dxe5 Kf7 33. Nd4 h6 34. e6+ Bxe6 35. Nxc6 Ke8 36. Nb4 Bc8 37. Nxd5 Bb7 38. Ne3 Be4 39. gxf5 gxf5 40. Bg7 h5 41. Kh4 Kf7 42. Be5 Kg6 43. b4 Bf3 44. Kg3 Be4 45. h4 Kf7 46. Kf2 Ke6 47. Ke2 Bc6 48. Kd3 Bb7 49. Kd4 Be4 50. Nf1 Bg2 51. Ng3 Bf3 52. a3 Bg4 53. c6 Ke7 54. Kc5 Kd8 55.
Kb6 Kc8 56. Kxa6 Kd8 57. Kb7 Ke7 58. c7 Kd7 59. c8=Q+ 1-0

[Event "5e festival international d'échecs d'A"]
[Site "Allauch, France"]
[Date "2023.09.01"]
[Round "8.8"]
[White "Sembel Rudelle, Gael"]
[Black "Proud'Hon, Gabriel"]
[Result "1-0"]
[WhiteElo "1390"]
[BlackElo "1340"]
[PlyCount "111"]
[EventDate "2023.??.??"]
[TimeControl "1"]

1. e4 c5 2. c3 d5 3. exd5 Qxd5 4. d4 g6 5. Nf3 Bg7 6. Be3 cxd4 7. cxd4 Nc6 8. Nc3 Qd8 9. Be2 Nf6 10. O-O O-O 11. h3 a6 12. Qd2 b5 13. a3 Bb7 14. Ne5 Rc8 15. Bf3 Ba8 16. Nxc6 Bxc6 17. Bxc6 Rxc6 18. Rac1 Rd6 19. Rfd1 Qa8 20. f3 Rfd8 21. Qf2 Nd5 22. Nxd5 Rxd5 23. Rd2 R8d7 24. Rcd1 Qd8 25. f4 R7d6 26. Rd3 e5 27. fxe5 Bxe5 28. R3d2 Bg7 29. Kh1 Bf6 30. Rd3 Bh4 31. Qd2 Bf6 32. Bf2 Rd7 33. Be3 R7d6 34. Qf2 Bh4 35. Qg1 Bf6 36. R1d2 Qd7 37. Qd1 Qd8 38. Qg4 Qd7 39. Qd1 Qd8 40. Qg4 Qd7 41. Qxd7 Rxd7 42. Kg1 Kg7 43. Kf2 Bh4+ 44. g3 Rf5+ 45. Kg2 Bf6 46. d5 Be5 47. Bd4 Bxd4 48. Rxd4 Re5 49. Kf3 Rd6 50. b4 Rf6+ 51. Kg2 Rd6 52. g4 Re3 53. Rc2 Rxa3 54. Rc6 Rd7 55.
d6 a5 56. Rc7 1-0

[Event "5e festival international d'échecs d'A"]
[Site "Allauch, France"]
[Date "2023.09.02"]
[Round "9.1"]
[White "Figier, Anthony"]
[Black "Petrosyan, Armen"]
[Result "1-0"]
[WhiteElo "1991"]
[BlackElo "2360"]
[PlyCount "153"]
[EventDate "2023.??.??"]
[TimeControl "1"]

1. d4 d5 2. c4 e6 3. Nf3 Nf6 4. g3 Bb4+ 5. Bd2 Be7 6. Bg2 O-O 7. O-O c6 8. Bf4 dxc4 9. Ne5 Nd5 10. Nxc4 Nxf4 11. gxf4 Nd7 12. Nc3 Nb6 13. Ne5 f6 14. Nf3 Nd5 15. e3 Bd7 16. Qb3 Qb6 17. Qc2 Be8 18.
f5 Nxc3 19. bxc3 exf5 20. Qxf5 Qc7 21. Qc2 Bg6 22. Qb3+ Bf7 23. Qc2 Bd6 24. h3 Rfe8 25. Rfe1 Rad8 26. Nd2 b6 27. Ne4 Be7 28. Ng3 g6 29. a4 c5 30. Qb2 f5 31. Nf1 Bf6 32. a5 f4 33.
axb6 axb6 34. Reb1 cxd4 35. exd4 Kg7 36. Nh2 h5 37. Nf3 Bd5 38. Qxb6 Qxb6 39. Rxb6 Rc8 40. Ra7+ Re7 41. Rxe7+ Bxe7 42. Ne5 Bxg2 43. Rxg6+ Kh7 44. Kxg2 Rxc3 45. Re6 Bf8 46.
Rf6 Bh6 47. Rf5 Kg8 48. Rxh5 Bg7 49. Rf5 Bh6 50. Ng4 Bg7 51. Rxf4 Rc4 52. Ne3 Rxd4 53. Rg4 Rxg4+ 54. hxg4 Be5 55. Kf3 Kf7 56. Ke4 Bh2 57. Kf5 Bg1 58. Nd1 Kg7 59. f4 Bd4 60. Ke4 Ba1 61.
Nf2 Kg6 62. Nh3 Bf6 63. f5+ Kf7 64. g5 Bc3 65. Nf4 Bb2 66.
Nh5 Bc3 67. Kf3 Bb2 68. Kg4 Bc3 69. g6+ Ke7 70. Kg5 Bd2+ 71.
Nf4 Kf8 72. f6 Bc1 73. Kf5 Ba3 74. g7+ Kf7 75. Ne6 Bb2 76. Nd8+ Kg8 77. Kg6 1-0